 Dungeon Crawl Stone Soup version 0.29-a0-410-g9596d59a08 (webtiles) character file.

Game seed: 12743322454274144391

11 KhasaRR the Chopper (level 2, -1/27 HPs)
             Began as a Hill Orc Monk on May 14, 2022.
             Splashed by a jelly's acid (8 damage)
             ... on level 1 of the Dungeon.
             The game lasted 00:01:18 (37 turns).

KhasaRR the Chopper (Hill Orc Monk)                   Turns: 37, Time: 00:01:19

Health: -1/27      AC: -5    Str: 13    XL:     2   Next: 29%
Magic:  2/2        EV: 12    Int: 10    God:
Gold:   0          SH:  0    Dex: 13    Spells: 1/1 levels left

rFire   . . .      SeeInvis .   a - +0 hand axe
rCold   . . .      Faith    .   (no shield)
rNeg    . . .      Spirit   .   b - +0 robe
rPois   .          Reflect  .   (no helmet)
rElec   .          Harm     .   (no cloak)
rCorr   .          Rampage  .   (no gloves)
Will    .....                   (no boots)
Stlth   +.........              (no amulet)
HPRegen 0.09/turn               (no ring)
MPRegen 0.08/turn               (no ring)

@: confused, ambrosia-drunk, corroded
A: no striking features
a: no special abilities


You were on level 1 of the Dungeon.
You visited 1 branch of the dungeon, and saw 1 of its levels.

Inventory:

Hand Weapons
 a - a +0 hand axe (weapon)
Armour
 b - a +0 robe (worn)


   Skills:
 + Level 3.8 Fighting
 * Level 4.4 Axes
 * Level 0.5 Armour
 + Level 2.5 Dodging
 - Level 1.5 Stealth


You had one spell level left.
You didn't know any spells.
Your spell library was empty.

Dungeon Overview and Level Annotations

Branches:
Dungeon (1/15)

Altars:


Message History

The jackal pauses to sniff the ground.
The jackal closely misses you.
You hit the giant cockroach but do no damage.
The giant cockroach is severely wounded.
You hit the jackal but do no damage. The jackal misses you.
The giant cockroach barely misses you.
You closely miss the giant cockroach.
The giant cockroach is severely wounded.
You barely miss the jackal. The jackal barely misses you.
The giant cockroach bites you. The jackal barely misses you.
The giant cockroach closely misses you.
You completely miss the giant cockroach.
The giant cockroach is severely wounded.
You closely miss the jackal. The jackal closely misses you.
The giant cockroach closely misses you.
You hit the giant cockroach.
You kill the giant cockroach!
You hit the jackal.
The jackal bites you but does no damage.
The jackal closely misses you.
You hit the jackal.
You kill the jackal!
You closely miss the rat. Your punch misses the rat. The rat bites you.
You hit the rat.
You kill the rat!
The jelly barely misses you.
You hit the jelly but do no damage.
Your hands burn!
The jelly hits you. The acid corrodes you!
You are splashed with acid.
You are confused.
You feel invigorated. The jelly completely misses you.
You are too confused!
The jelly hits you.
You are splashed with acid!
The endoplasm jiggles.
You're too confused to move!
The jelly hits you.
You are splashed with acid!
* * * LOW HITPOINT WARNING * * *
You bump into the translucent rock wall.
The jelly hits you.
* * * LOW HITPOINT WARNING * * *
The acid corrodes you!
You are splashed with acid!
You die...

###+#######+###
#..⌠...>...⌠..#
#......<......#
+⌠....###....⌠+
#.....†JJJ@...#
#######r#######
....wJ......#
......r......#
#.............#
###############


You could see a worm, 2 jellies, 2 endoplasms and a rat.

Vanquished Creatures
  An endoplasm (D:1)
  3 giant cockroaches (D:1)
  4 jackals (D:1)
  A rat (D:1)
9 creatures vanquished.

Notes
Turn   | Place    | Note
-------+----------+-------------------------------------------
     0 | D:1      | KhasaRR the Hill Orc Monk began the quest for the Orb.
     0 | D:1      | Reached XP level 1. HP: 19/19 MP: 1/1
     0 | D:1      | Noticed a jelly
     0 | D:1      | Noticed a jelly
     1 | D:1      | Found a runed translucent door.
    19 | D:1      | Reached XP level 2. HP: 25/27 MP: 2/2
    37 | D:1      | Splashed by a jelly's acid

Illustrated notes

Levels and vault maps discovered:
D:1:      dpeg_arrival_caged_fury, layout_loops_ring, minmay_parallelograms

Action                   || total
-------------------------++-------
Melee: Hand axe          ||    25
  Use: Potion            ||     1
Armor: Robe              ||     5
Dodge: Dodged            ||    28

Table legend: (Time is in decaauts)
 A = Elapsed time spent in this place.
 B = Non-inter-level travel time spent in this place.
 C = Inter-level travel time spent in this place.
 D = Time resting spent in this place.
 E = Time spent auto-exploring this place.
 F = Levels seen in this place.
 G = Mean time per level.
                   A        B        C        D        E       F      G
               +--------+--------+--------+--------+--------+-----+--------+
         Total |     39 |     39 |      0 |      0 |      0 |   1 |   39.0 |
       Dungeon |     39 |     39 |      0 |      0 |      0 |   1 |   39.0 |
               +--------+--------+--------+--------+--------+-----+--------+

Top non-repeatable levels by time:
     D:1: 39 daAuts
